 Dungeon Crawl Stone Soup version 0.30.0-29-ga12c61a403 (webtiles) character file.

Game seed: 11976075769053237880

16230 javelincjr the Fighter (level 12, -11/92 HPs)
             Began as a Djinni Summoner on June 22, 2023.
             Was an Elder of Makhleb.
             Killed from afar by Frances (33 damage)
             ... with a shard of ice
             ... on level 12 of the Dungeon.
             The game lasted 01:20:31 (12704 turns).

javelincjr the Fighter (Djinni Summoner)           Turns: 12704, Time: 01:20:32

Health: -11/92     AC: 12    Str: 13    XL:     12   Next: 67%
Gold:   784        EV: 21    Int: 20    God:    Makhleb [****..] SH:  0 Dex: 18

rFire   + + .        h - +8 arc blade {discharge, rElec}
rCold   x . .        (no shield)
rNeg    . . .        Q - +5 leather armour "Buutanle" {Rampage}
rPois   ∞            n - +0 helmet
rElec   +            p - +0 cloak
rCorr   .            c - +0 pair of gloves
SInv    .            (boots unavailable)
Will    +....        (no amulet)
Stlth   ++++         I - +6 ring of strength
HPRegen 0.35/turn    M - +5 ring of evasion
MPRegen 0.00/turn

%: rampage, infuse magic (-12 HP)
@: flying
A: sickness immunity, fire resistance 2, cold vulnerability 1, float, innate
caster, HP casting, extra vitality 1, thin skeletal structure 1
a: Renounce Religion, Minor Destruction, Lesser Servant of Makhleb, Major
Destruction


You were on level 12 of the Dungeon.
You worshipped Makhleb.
Makhleb was greatly pleased with you.
You visited 1 branch of the dungeon, and saw 12 of its levels.
You also visited: Sewer.

You collected 813 gold pieces.
You spent 29 gold pieces at shops.

Inventory:

Hand Weapons
 h - the +8 arc blade (weapon) {discharge, rElec}
   (You found it on level 11 of the Dungeon)

   rElec:     It insulates you from electricity.
 G - a +1 spectral quarterstaff
 K - a +5 dagger
 N - a +1 trident
 O - a +0 halberd of flaming
 S - a +2 flail of draining
Armour
 c - a +0 pair of gloves (worn)
 n - a +0 helmet (worn)
 p - a +0 cloak (worn)
 E - a +3 leather armour of cold resistance
 L - the +3 leather armour of Qulegem {Str+3}
   (You found it on level 7 of the Dungeon)

   Str:       It affects your strength (+3).
 Q - the +5 leather armour "Buutanle" (worn) {Rampage}
   (You found it on level 8 of the Dungeon)

   Rampage:   It bestows one free step when moving towards enemies.
 R - +0 acid dragon scales
Jewellery
 B - an amulet of faith
 I - a +6 ring of strength (left hand)
 M - a +5 ring of evasion (right hand)
 U - a +4 ring of protection
Wands
 a - a wand of acid (6)
 y - a wand of polymorph (14)
 C - a wand of flame (43)
 F - a wand of iceblast (11)
 T - a wand of mindburst (23)
Scrolls
 d - 7 scrolls of teleportation
 e - 3 scrolls of blinking
 g - a scroll of poison
 i - 3 scrolls of magic mapping
 j - a scroll of noise {unknown}
 k - 3 scrolls of fog
 l - 5 scrolls of summoning
 s - 3 scrolls of enchant weapon
 v - 5 scrolls of vulnerability
 x - 3 scrolls of identify
 A - 2 scrolls of fear {unknown}
 H - 4 scrolls of torment {unknown}
 J - 2 scrolls of enchant armour {unknown}
 X - a scroll of acquirement {unknown}
 Z - a scroll of brand weapon {unknown}
Potions
 b - 2 potions of might {unknown}
 f - 2 potions of degeneration {unknown}
 m - 7 potions of curing
 o - 4 potions of haste
 q - 3 potions of heal wounds {unknown}
 r - 2 potions of flight {unknown}
 t - 2 potions of mutation
 u - 4 potions of invisibility {unknown}
 w - 3 potions of resistance
 D - 4 potions of brilliance {unknown}
 P - a potion of lignification {unknown}
 W - a potion of magic {unknown}


   Skills:
 * Level 10.4 Fighting
 + Level 1.0 Short Blades
 + Level 5.3 Armour
 + Level 8.3 Dodging
 + Level 6.9 Stealth
 * Level 8.7 Spellcasting
 + Level 6.4 Invocations


You knew the following spells:

 Your Spells              Type           Power      Damage    Failure   Level
a - Summon Small Mammal   Summ           100%       N/A       1%          1
b - Call Imp              Summ           86%        N/A       1%          2
c - Call Canine Familiar  Summ           43%        N/A       1%          3
d - Summon Guardian Gole  Hex/Summ       43%        N/A       1%          3
e - Summon Lightning Spi  Summ/Air       43%        N/A       2%          4
f - Foxfire               Conj/Fire      100%       2x1d9     1%          1
g - Blink                 Tloc           86%        N/A       1%          2
h - Dazzling Flash        Conj/Hex       86%        N/A       1%          3
i - Anguish               Hex/Necr       21%        N/A       2%          4
j - Metabolic Englaciati  Hex/Ice        21%        N/A       8%          5
Your spell library was empty.

Dungeon Overview and Level Annotations

Branches:
Dungeon (12/15)            Temple (0/1) D:6            Lair (0/5) D:8
    Orc (0/2) D:11          Sewer (visited)

Altars:
Ashenzari
Dithmenos
Elyvilon
Gozag
Hepliaklqana
Makhleb
Ru
Uskayaw
Xom
The Shining One

Shops:
D:4 (   D:7 *

Annotations:
D:12 Frances


Innate Abilities, Weirdness & Mutations

You are immune to sickness and miasma.
You are immune to poison.
Your flesh is very heat resistant. (rF++)
You are vulnerable to cold. (rC-)
You float through the air rather than walking.
You learn spells naturally, not from books.
Your magical power is your life essence.
You have superior vitality. (+4 MHP)
You have a somewhat thin skeletal structure. (Dex +2, Stealth+)


Message History

Casting: Summon Lightning Spire (dangerous; 2% risk of failure)
Confirm with . or Enter, or press ? or * to list all spells.
An electric hum fills the air.
Frances whispers indecipherable words.
The hellwing swoops through the air toward you!
The hellwing completely misses you. x2
Frances hits your lightning spire with a +0 battleaxe of electrocution!
The hellwing misses you. x2
Your lightning spire shoots out a bolt of lightning at Frances!
The bolt of electricity hits Frances!
Something hits your lightning spire!!
Your lightning spire is destroyed!
Your lightning spire disappears in a puff of smoke!
The hellwing attacks as you move away! The hellwing barely misses you.
The hellwing hits you. The hellwing attacks as you move away!
The hellwing hits you! The hellwing misses you.
Press: ? - help, v - describe, . - travel A rock wall.
Casting: Summon Lightning Spire (dangerous; 2% risk of failure)
Confirm with . or Enter, or press ? or * to list all spells.
A tiny devil pulls itself out of the air.
Frances speaks in an indecipherable language.
The hellwing barely misses you. The hellwing hits you.
The smoke demon gestures at you. Something smites you!
* * * LOW HITPOINT WARNING * * *
You swap places.
Your cerulean imp barely misses the hellwing.
Frances barely misses your cerulean imp.
Your cerulean imp hits the hellwing from afar with a +0 spear.
Frances completely misses your cerulean imp.
Your cerulean imp hits the hellwing but does no damage.
Frances chants phrases taken from a devil's mouth.
The shard of ice hits your cerulean imp!!
Your cerulean imp dies!
Your cerulean imp disappears in a puff of smoke!
Frances chants phrases taken from a devil's mouth.
The shard of ice hits you!!
You feel a painful chill!
You die...

#..).# #...4#
#...######
.....# ####3#
#...# ....##
#4# #.=.#
....# #@#
#..<# ....#
#.# #...#
....# #.#
....# ##.#
....#
#..######..
....#
#..@.......
....#
#..........
......#####..
........#
........#
........#
........#
....
#######.# ...


You could see Frances (fast), a hellwing (summoned) and a smoke demon
(summoned).

Vanquished Creatures
  A two-headed ogre (D:12)
  Pikel (D:6)
  2 cyclopes
  Joseph (D:7)
  An unseen horror (D:9)
  Psyche (D:8)
  A komodo dragon (D:11)
  A troll (D:12)
  Prince Ribbit (D:6)
  3 slime creatures (D:12)
  Sigmund (D:2)
  3 wyverns
  A wraith (D:11)
  6 yaks
  2 vampire mosquitoes (D:12)
  A steam dragon (D:9)
  3 basilisks (D:8)
  An acid dragon (D:8)
  2 water moccasins (D:8)
  2 orc warriors
  An ice beast (D:6)
  2 sky beasts
  A black bear (D:5)
  Blork the orc (D:5)
  A kobold brigand (D:8)
  2 lemures (D:6)
  4 bullfrogs
  A scorpion (D:7)
  2 wights (D:8)
  Dowan (D:6)
  4 killer bees (D:8)
  7 howler monkeys
  2 jellies
  2 hounds
  2 gnoll boudas
  A sleepcap (D:7)
  An iguana (D:6)
  14 orc wizards
  3 gnolls
  14 adders
  A worm (D:4)
  5 dart slugs
  37 orcs
  3 bats
  3 endoplasms
  2 giant cockroaches
  9 goblins
  6 hobgoblins
  16 kobolds
  4 quokkas
  5 ball pythons
  10 frilled lizards
  6 rats
208 creatures vanquished.

Vanquished Creatures (collateral kills)
  The ghost of cdecastro the Grappler, a journeyman TrFi of Makhleb (D:11)
  Harold (D:10)
  An ugly thing (D:11)
  A cyclops (D:9)
  A kobold demonologist (D:11)
  Maggie (D:8)
  A komodo dragon (D:10)
  The ghost of bairyn the Covered, an amateur AtFi (D:6)
  A hornet (D:11)
  7 yaks
  A steam dragon (D:8)
  Menkaure (D:6)
  Edmund (D:4)
  2 water moccasins (D:8)
  A sky beast (D:7)
  An orc warrior (D:12)
  A black bear (D:7)
  2 centaurs
  2 kobold brigands
  A gnoll sergeant (D:11)
  A bullfrog (D:7)
  7 wights
  A killer bee (D:7)
  A howler monkey (D:9)
  A jelly (D:6)
  2 iguanas (D:5)
  3 orc priests
  3 sleepcaps
  4 orc wizards
  3 adders
  9 gnolls
  A shadow imp (D:6)
  A white imp (D:6)
  An ufetubus (D:7)
  12 orcs
  A bat (D:3)
  A giant cockroach (D:4)
  7 goblins
  3 hobgoblins
  6 kobolds (D:10)
  A rat (D:3)
  2 foxfires
100 creatures vanquished.

Vanquished Creatures (others)
  A manticore (D:6)
  2 yaks (D:10)
  Duvessa (D:6)
  1117 foxfires
  2 spectral weapons
1123 creatures vanquished.

Grand Total: 1431 creatures vanquished

Notes
Turn   | Place    | Note
-------+----------+-------------------------------------------
     0 | D:1      | javelincjr the Djinni Summoner began the quest for the Orb.
     0 | D:1      | javelincjr set off with the following spells memorised:
                  | Summon Small Mammal, Call Imp, Call Canine Familiar, Summon
                  | Guardian Golem, Summon Lightning Spire.
     0 | D:1      | Reached XP level 1. HP: 15/15 MP: 0/0
   103 | D:1      | Reached XP level 2. HP: 21/21 MP: 0/0
   304 | D:1      | Reached XP level 3. HP: 26/26 MP: 0/0
   304 | D:1      | Learned a level 1 spell: Foxfire
   627 | D:2      | Reached skill level 1 in Fighting
   670 | D:2      | Found a shadowy altar of Dithmenos.
   848 | D:2      | Reached XP level 4. HP: 32/32 MP: 0/0
   928 | D:2      | Noticed Sigmund
   974 | D:2      | Killed Sigmund
   975 | D:2      | Reached skill level 2 in Fighting
   975 | D:2      | Reached XP level 5. HP: 29/40 MP: 0/0
   975 | D:2      | Learned a level 2 spell: Blink
   975 | D:2      | Reached XP level 6. HP: 33/45 MP: 0/0
  1044 | D:2      | Reached skill level 3 in Fighting
  2220 | D:4      | Found Enliehy's Weapon Emporium.
  2264 | D:4      | Found a hide-covered altar of Uskayaw.
  2319 | D:4      | Found a glowing drain.
  2402 | Sewer    | Entered a sewer
  2490 | Sewer    | Reached XP level 7. HP: 47/50 MP: 0/0
  2490 | Sewer    | Learned a level 3 spell: Dazzling Flash
  3294 | D:4      | Found a glowing golden altar of the Shining One.
  3296 | D:4      | Found a broken altar of Ashenzari.
  3297 | D:4      | Found a hazy altar of Hepliaklqana.
  3297 | D:4      | Found a burning altar of Makhleb.
  3298 | D:4      | Found an opulent altar of Gozag.
  3298 | D:4      | Found a sacrificial altar of Ru.
  3298 | D:4      | Found a shadowy altar of Dithmenos.
  3299 | D:4      | Found a white marble altar of Elyvilon.
  3332 | D:4      | Became a worshipper of Makhleb the Destroyer
  3373 | D:4      | Noticed Edmund
  3384 | D:4      | Killed Edmund
  3385 | D:4      | Reached skill level 4 in Fighting
  3464 | D:5      | Entered Level 5 of the Dungeon
  3621 | D:5      | Reached XP level 8. HP: 43/58 MP: 0/0
  3683 | D:5      | Reached skill level 1 in Invocations
  3846 | D:5      | Noticed Blork the orc
  3856 | D:5      | Killed Blork the orc
  4073 | D:6      | Found a runed translucent gate.
  4073 | D:6      | Found a runed translucent gate.
  4073 | D:6      | Found an opulent altar of Gozag.
  4073 | D:6      | Found a runed translucent gate.
  4074 | D:6      | Noticed bairyn's ghost (amateur AtFi)
  4074 | D:6      | Noticed a manticore
  4092 | D:6      | Reached skill level 5 in Spellcasting
  4129 | D:6      | Noticed Prince Ribbit
  4140 | D:6      | Killed Prince Ribbit
  4141 | D:6      | Reached skill level 5 in Fighting
  4614 | D:6      | Found a staircase to the Ecumenical Temple.
  4895 | D:6      | Reached skill level 5 in Dodging
  4983 | D:6      | Reached XP level 9. HP: 51/65 MP: 0/0
  4983 | D:6      | Learned a level 4 spell: Anguish
  5035 | D:6      | Noticed Menkaure
  5062 | D:6      | Killed Menkaure
  5209 | D:6      | Noticed Pikel
  5225 | D:6      | Killed Pikel
  5226 | D:6      | Reached skill level 6 in Fighting
  5537 | D:6      | Noticed Dowan
  5541 | D:6      | Noticed Duvessa
  5545 | D:6      | Killed Dowan
  5557 | D:6      | Killed Duvessa
  5965 | D:6      | Killed bairyn's ghost
  5969 | D:6      | Killed a manticore
  5970 | D:6      | Reached skill level 7 in Fighting
  5970 | D:6      | Reached skill level 1 in Armour
  5970 | D:6      | Reached XP level 10. HP: 6/75 MP: 0/0
  6288 | D:7      | Noticed Joseph
  6314 | D:7      | Killed Joseph
  6315 | D:7      | Reached skill level 5 in Stealth
  7184 | D:7      | Reached * piety under Makhleb
  7230 | D:7      | Identified the +3 leather armour of Qulegem {Str+3}
  7254 | D:7      | Found Caddiapi's Assorted Antiques.
  7368 | D:7      | Bought a bubbling yellow potion for 29 gold pieces
  7537 | D:8      | Reached skill level 8 in Fighting
  7567 | D:8      | Reached XP level 11. HP: 46/82 MP: 0/0
  7567 | D:8      | Learned a level 5 spell: Metabolic Englaciation
  7698 | D:8      | Found a staircase to the Lair.
  7795 | D:8      | Reached ** piety under Makhleb
  7822 | D:8      | Noticed Psyche
  7833 | D:8      | Killed Psyche
  7834 | D:8      | Reached skill level 5 in Invocations
  7901 | D:8      | Noticed Maggie
  7926 | D:8      | Killed Maggie
  8110 | D:8      | Identified the +5 leather armour "Buutanle" {Rampage}
  8483 | D:8      | Reached skill level 9 in Fighting
  8886 | D:9      | You are sucked into a shaft and drop 1 floor!
  8886 | D:10     | Entered Level 10 of the Dungeon
  9467 | D:9      | Noticed a cyclops
  9476 | D:9      | Killed a cyclops
 10169 | D:10     | Noticed Harold
 10183 | D:10     | Killed Harold
 10296 | D:10     | Reached XP level 12. HP: 77/90 MP: 0/0
 10299 | D:10     | Reached *** piety under Makhleb
 10379 | D:10     | Gained mutation: You have a somewhat thin skeletal
                  | structure. (Dex +2, Stealth+) [potion of mutation]
 11458 | D:11     | Found a staircase to the Orcish Mines.
 11477 | D:11     | Reached **** piety under Makhleb
 11602 | D:11     | Found a runed translucent door.
 11604 | D:11     | Noticed cdecastro's ghost (journeyman TrFi)
 11604 | D:11     | Found the +8 arc blade {discharge, rElec}
 11721 | D:11     | Reached skill level 10 in Fighting
 11752 | D:11     | Found a shimmering altar of Xom.
 11855 | D:11     | Reached skill level 5 in Armour
 11866 | D:11     | Killed cdecastro's ghost
 12615 | D:12     | Noticed a two-headed ogre
 12626 | D:12     | Killed a two-headed ogre
 12627 | D:12     | Reached skill level 1 in Short Blades
 12670 | D:12     | Noticed Frances
 12704 | D:12     | Killed from afar by Frances

Illustrated notes

Levels and vault maps discovered:
D:1:      elethiomel_arrival_maze, layout_basic
D:2:      layout_basic, basic_altar, chequers_garden, minmay_tetromino_t2,
          uniq_sigmund
D:3:      layout_loops_ring
D:4:      cheibrodos_greedy_goblins, layout_gridville,
          grunt_temple_overflow_open, eat_drink_and_be_merry_uskayaw,
          serial_shops, shop, gup_sewer_entry_glass, minmay_misc_feat_rows,
          uniq_edmund
D:5:      layout_basic, uniq_blork_the_orc
D:6:      minmay_angry_zag, layout_cave_pods, minmay_temple_entry_glassed_door,
          ebering_ghost_gozag, uniq_prince_ribbit1, uniq_duvessa, uniq_pikel,
          uniq_menkaure
D:7:      layout_loops_ring, serial_shops, nicolae_shop_tiny_glass,
          kennysheep_crisscross, hangedman_decor_opposing, hellmonk_no_cap,
          uniq_joseph
D:8:      layout_cave_pods, minmay_lair_entry_grove, uniq_psyche, uniq_maggie
D:9:      layout_irregular_city, minmay_misc_feat_roman
D:10:     layout_stronghold, uniq_harold
D:11:     layout_stronghold, hiddenorc2_lemuel, ebering_ghost_inner_flame,
          tgw_xom
D:12:     layout_irregular_city, uniq_sonja, uniq_frances

Skill      XL: |  1  2  3  4  5  6  7  8  9 10 11 12 |
---------------+-------------------------------------+-----
Fighting       | 1 2 3 4 5 7 8 9 10 | 10.4
Stealth        | 2 3 4 5 6 |  6.9
Dodging        | 3 4 5 6 7 8 |  8.3
Spellcasting   | 4 5 6 7 8 |  8.7
Invocations    | 2 3 4 5 6 |  6.4
Armour         | 1 3 4 5 |  5.3
Short Blades   | 1 |  1.0

Action                     |  1- 3 |  4- 6 |  7- 9 | 10-12 || total
---------------------------+-------+-------+-------+-------++-------
  Melee: Short sword       |    28 |    26 |     3 |       ||    57
         Punch             |       |     1 |       |     3 ||     4
         Flail             |       |       |    21 |     2 ||    23
         Quarterstaff      |       |       |       |    79 ||    79
         Rapier            |       |       |       |    26 ||    26
   Fire: Shortbow          |    39 |       |       |       ||    39
   Cast: Summon Small Mamm |     5 |     2 |       |       ||     7
         Call Imp          |     1 |     9 |    21 |    25 ||    56
         Foxfire           |       |    60 |   176 |   420 ||   656
         Call Canine Famil |       |     5 |    21 |    18 ||    44
         Summon Guardian G |       |       |     6 |     7 ||    13
         Summon Lightning  |       |       |     4 |    36 ||    40
         Anguish           |       |       |     1 |       ||     1
         Blink             |       |       |       |     2 ||     2
    Use: Scroll            |       |       |       |    12 ||    12
         Potion            |       |       |       |     3 ||     3
   Stab: Sleeping          |     1 |       |       |     1 ||     2
         Distracted        |       |       |     1 |     3 ||     4
 Armour: Robe              |     5 |    10 |    13 |       ||    28
         Leather armour    |       |       |       |    34 ||    34
  Dodge: Dodged            |    23 |    24 |    39 |   131 ||   217
